 Dungeon Crawl Stone Soup version 0.28-a0-1524-ge72afd5fc6 (webtiles) character file.

Game seed: 11864647458096760673

1003 gimp the Ducker (level 8, 0/56 HPs)
             Began as a Djinni Wanderer on Jan 18, 2022.
             Slain by an ice beast (9 damage)
             ... on level 4 of the Dungeon.
             The game lasted 00:13:12 (6106 turns).

gimp the Ducker (Djinni Wanderer)                   Turns: 6106, Time: 00:13:12

Health: 0/56       AC:  5    Str: 12    XL:     8   Next: 43%
Gold:   170        EV: 18    Int: 14    God:
                   SH:  0    Dex: 14

rFire   + + .      SeeInvis .   a - +1 whip (venom)
rCold   . . .      Faith    .   (no shield)
rNeg    . . .      Spirit   .   c - +2 leather armour
rPois   ∞          Reflect  .   (no helmet)
rElec   .          Harm     .   (no cloak)
rCorr   .          Rampage  .   (no gloves)
Will    .....                   (boots unavailable)
Stlth   +.........              (no amulet)
HPRegen 0.18/turn               g - +4 ring of evasion
MPRegen 0.00/turn               l - ring of protection from cold

@: flying
A: sickness immunity, fire resistance 2, cold vulnerability 1, float, innate
caster, hp casting, extra vitality 1
a: no special abilities


You were on level 4 of the Dungeon.
You visited 1 branch of the dungeon, and saw 5 of its levels.
You also visited: Ossuary.

You collected 170 gold pieces.

Inventory:

Hand Weapons
 a - a +1 whip of venom (weapon)
 q - a +0 rapier of venom
Missiles
 f - 5 poisoned darts
Armour
 c - a +2 leather armour (worn)
 r - a +1 leather armour of fire resistance
Jewellery
 g - a +4 ring of evasion (left hand)
 l - a ring of protection from cold (right hand)
Wands
 b - a wand of polymorph (5)
Scrolls
 e - 2 scrolls of enchant weapon
 k - a scroll of fear
 p - a scroll of magic mapping
Potions
 d - 3 potions of heal wounds
 h - a potion of haste
 i - 2 potions of cancellation
 j - a potion of resistance
 n - 3 potions of curing {unknown}
 o - 2 potions of mutation


   Skills:
 - Level 3.0 Fighting
 * Level 6.1 Maces & Flails
 - Level 3.0 Armour
 + Level 6.2 Dodging
 - Level 1.0 Stealth
 - Level 2.4 Spellcasting
 - Level 1.0 Evocations


You had 2 spell levels left.
You knew the following spells:

 Your Spells              Type           Power      Damage    Failure   Level
a - Wereblood             Tmut           8%         N/A       16%         2
b - Passwall              Tmut/Erth      6%         N/A       16%         2
c - Sting                 Tmut/Pois      32%        1d4       11%         1
d - Searing Ray           Conj           16%        2d5       16%         2
e - Ensorcelled Hibernat  Hex/Ice        16%        N/A       16%         2

Your spell library contained the following spells:

 Spells                   Type           Power      Damage    Failure   Level


Dungeon Overview and Level Annotations

Branches:
Dungeon (5/15)            Ossuary (visited)
 Temple: D:4-7

Altars:
Wu Jian


Innate Abilities, Weirdness & Mutations

You are immune to sickness and miasma.
You are immune to poison.
Your flesh is very heat resistant. (rF++)
You are vulnerable to cold. (rC-)
You float through the air rather than walking.
You learn spells naturally, not from books.
Your magical power is your life essence.
You have superior vitality. (+4 MHP)


Message History

The ice beast hits you. The ice beast freezes you!
You take 14 damage, and have 33/56 hp.
MASSIVE DAMAGE!!
You barely miss the ice beast.
The ice beast is moderately wounded.
You closely miss the ice beast.
The ice beast is moderately wounded.
The ice beast barely misses you.
You hit the ice beast.
The ice beast is moderately wounded.
The ice beast completely misses you.
There is an open door here.
Okay, then.
There is an open door here.
Unknown command.
You hit the ice beast but do no damage.
The ice beast is moderately wounded.
The ice beast completely misses you.
You barely miss the ice beast.
The ice beast is moderately wounded.
The ice beast barely misses you.
You hit the ice beast but do no damage.
The ice beast is poisoned.
The ice beast is moderately wounded.
You barely miss the ice beast.
The ice beast is moderately wounded.
The ice beast hits you but does no damage.
You hit the ice beast but do no damage. You punch the ice beast.
The ice beast is moderately wounded.
The ice beast hits you. The ice beast freezes you!
You take 11 damage, and have 24/56 hp.
You hit the ice beast.
The ice beast is heavily wounded.
The ice beast hits you. The ice beast freezes you!
* * * LOW HITPOINT WARNING * * *
You take 12 damage, and have 12/56 hp.
MASSIVE DAMAGE!!
You hit the ice beast.
The ice beast is severely wounded.
The ice beast hits you.
* * * LOW HITPOINT WARNING * * *
The ice beast freezes you!
You die...

.# #. ############ .
#...#....#.. .#
#[#.#.##.#.##.##### .
#.#)#..)[#....#...
....#####.#.#....#..###.#####
.............!.@..!.......>.....
#.##..#..#.#.#Y###..############
#.##.... #....<.....# #.##.##
###........# ##.##.#
###........######## .#.##.#
#.')............... .#.##.#
#...#................
.#.##.##....#................
.#....##....#................


You could see an ice beast (very poisoned).

Vanquished Creatures
  Sigmund (D:4)
  Eustachio (D:4)
  A black bear (D:4)
  An ogre (D:5)
  A scorpion (D:5)
  3 orc priests
  An iguana (D:4)
  2 orc wizards (D:4)
  A hound skeleton (D:4)
  13 mummies (Ossuary)
  3 adders
  3 dart slugs
  21 orcs
  5 ball pythons
  6 endoplasms
  2 giant cockroaches (D:3)
  3 goblins
  9 hobgoblins
  5 kobolds
  5 quokkas
  3 bats (D:1)
  3 frilled lizards
  A gnoll skeleton (Ossuary)
  3 goblin skeletons (Ossuary)
  A kobold skeleton (Ossuary)
  3 orc skeletons (Ossuary)
  5 rats
  11 rat skeletons (Ossuary)
117 creatures vanquished.

Notes
Turn   | Place    | Note
-------+----------+-------------------------------------------
     0 | D:1      | gimp the Djinni Wanderer began the quest for the Orb.
     0 | D:1      | Reached XP level 1. HP: 15/15 MP: 0/0
   167 | D:1      | Noticed a troll
   171 | D:1      | Reached skill level 1 in Fighting
   343 | D:1      | Reached XP level 2. HP: 22/22 MP: 0/0
   589 | D:1      | Reached skill level 1 in Maces & Flails
   788 | D:1      | Reached XP level 3. HP: 28/28 MP: 0/0
   788 | D:1      | Learned a level 1 spell: Sting
   791 | D:1      | Found a faded altar of an unknown god.
  2121 | D:3      | Found an ornate altar of the Wu Jian Council.
  2285 | D:3      | Reached XP level 4. HP: 6/34 MP: 0/0
  3206 | D:4      | Noticed Eustachio
  3222 | D:4      | Reached XP level 5. HP: 13/39 MP: 0/0
  3222 | D:4      | Learned a level 2 spell: Searing Ray
  3227 | D:4      | HP: 1/39 [orc (1)]
  3263 | D:4      | Noticed an ice beast
  3277 | D:5      | Entered Level 5 of the Dungeon
  3643 | D:5      | Reached XP level 6. HP: 34/46 MP: 0/0
  3657 | D:5      | Noticed an ogre
  3666 | D:5      | Killed an ogre
  3667 | D:5      | Reached skill level 1 in Armour
  3736 | D:4      | Noticed Sigmund
  3750 | D:4      | Found a sand-covered staircase.
  3757 | Ossuary  | Entered an ossuary
  4249 | Ossuary  | Reached XP level 7. HP: 39/50 MP: 0/0
  4249 | Ossuary  | Learned a level 2 spell: Ensorcelled Hibernation
  5293 | D:4      | Killed Sigmund
  5294 | D:4      | Reached skill level 5 in Maces & Flails
  5461 | D:4      | Reached XP level 8. HP: 46/56 MP: 0/0
  5500 | D:4      | Killed Eustachio
  6106 | D:4      | Slain by an ice beast

Illustrated notes

Levels and vault maps discovered:
D:1:      erik_arrival_cave_to_civilisation [erik_arrival_cave_to_temple],
          layout_basic, hellmonk_ecumenical_altar_inner_sanctum, hex_tiny
D:2:      layout_basic
D:3:      layout_loops_ring, mainiacjoe_overflow_six_doors_small
D:4:      layout_basic, chequers_ossuary_entry_cave, gup_sewer_entry_bubbles,
          uniq_sigmund, uniq_eustachio
D:5:      minmay_recursive_quarters, layout_loops_ring, old_standard_altar,
          temple_pool_b, palyth_stone_intersect, hangedman_minor_gate_pass

Skill      XL: |  1  2  3  4  5  6  7  8 |
---------------+-------------------------+-----
Fighting       | 1 2 3 |  3.0
Maces & Flails | 1 2 3 4 5 6 |  6.1
Armour         | 1 3 |  3.0
Dodging        | 6 |  6.2
Stealth        | |  1.0
Spellcasting   | |  2.4
Evocations     | |  1.0

Action                   |  1- 3 |  4- 6 |  7- 9 || total
-------------------------+-------+-------+-------++-------
Melee: Club              |    16 |       |       ||    16
       Whip              |   107 |   163 |   338 ||   608
       Punch             |     3 |     2 |     4 ||     9
 Cast: Sting             |       |     2 |       ||     2
  Use: Scroll            |       |     6 |     7 ||    13
       Potion            |       |     4 |       ||     4
 Stab: Sleeping          |     3 |       |     1 ||     4
Armor: Leather armour    |    26 |    26 |    37 ||    89
Dodge: Dodged            |    99 |   119 |   181 ||   399

Table legend: (Time is in decaauts)
 A = Elapsed time spent in this place.
 B = Non-inter-level travel time spent in this place.
 C = Inter-level travel time spent in this place.
 D = Time resting spent in this place.
 E = Time spent auto-exploring this place.
 F = Levels seen in this place.
 G = Mean time per level.
                   A        B        C        D        E       F      G
               +--------+--------+--------+--------+--------+-----+--------+
         Total |   6042 |   5957 |     85 |    930 |   3664 |   6 | 1007.0 |
       Dungeon |   4554 |   4469 |     85 |    781 |   2638 |   5 |  910.8 |
       Ossuary |   1488 |   1488 |      0 |    149 |   1026 |   1 | 1488.0 |
               +--------+--------+--------+--------+--------+-----+--------+

Top non-repeatable levels by time:
 Ossuary: 1488 daAuts
     D:2: 1385 daAuts
     D:3: 1182 daAuts
     D:1: 927 daAuts
     D:4: 611 daAuts
     D:5: 448 daAuts
